 Dungeon Crawl Stone Soup version 0.30-a0-557-ge2afbf3030 (webtiles) character file.

Game seed: 1338505359945503443

85 bmack86 the Trooper (level 4, -2/40 HPs)
             Began as a Minotaur Fighter on Dec 28, 2022.
             Slain by a gnoll
             ... wielding a +0 whip
              (4 damage)
             ... on level 3 of the Dungeon.
             The game lasted 00:03:00 (1035 turns).

bmack86 the Trooper (Minotaur Fighter)              Turns: 1035, Time: 00:03:01

Health: -2/40      AC:  7    Str: 23    XL:     4   Next: 25%
Magic:  3/3        EV:  9    Int:  5    God:
Gold:   106        SH:  4    Dex:  9    Spells: 3/3 levels left

rFire   + . .      SeeInvis .    a - +0 war axe
rCold   . . .      Faith    .    c - +0 buckler
rNeg    . . .      Spirit   .    b - +0 scale mail
rPois   .          Reflect  .    (helmet restricted)
rElec   .          Harm     .    (no cloak)
rCorr   .          Rampage  .    (no gloves)
Will    .....                    (no boots) Stlth
                                 (no amulet)
HPRegen 0.26/turn                k - ring of protection from fire
MPRegen 0.08/turn                (no ring)

@: flying
A: horns 2, retaliatory headbutt
a: no special abilities


You were on level 3 of the Dungeon.
You visited 1 branch of the dungeon, and saw 3 of its levels.

You collected 106 gold pieces.

Inventory:

Hand Weapons
 a - a +0 war axe (weapon)
Armour
 b - a +0 scale mail (worn)
 c - a +0 buckler (worn)
Jewellery
 k - a ring of protection from fire (left hand)
Scrolls
 e - a scroll of vulnerability {unknown}
 f - a scroll of identify
 g - 2 scrolls of fear
 h - a scroll of fog {unknown}
 n - a scroll of acquirement {unknown}
Potions
 d - a potion of might
 i - 2 potions of curing
 j - a potion of magic
 m - a potion of brilliance {unknown}


   Skills:
 + Level 4.3 Fighting
 * Level 3.8 Axes
 + Level 4.3 Armour
 + Level 4.2 Shields


You had 3 spell levels left.
You didn't know any spells.
Your spell library contained the following spells:

 Spells                   Type           Power      Damage    Failure   Level
 Ensorcelled Hibernation  Hex/Ice        0%         N/A       95%         2
 Passwall                 Tmut/Erth      0%         N/A       95%         2
 Hailstorm                Conj/Ice       0%         3d3       99%         3
 Swiftness                Air            0%         N/A       99%         3
 Ice Form                 Ice/Tmut       0%         N/A       100%        4
 Simulacrum               Ice/Necr       0%         N/A       100%        6


Dungeon Overview and Level Annotations

Branches:
Dungeon (2/15)

Altars:


Innate Abilities, Weirdness & Mutations

You have a pair of horns on your head.
You reflexively headbutt those who attack you in melee.


Message History

You fall into a shaft and drop 1 floor!
The shaft crumbles and collapses.
Found a potion of curing and a hand axe.
i - 2 potions of curing (gained 1)
An orc comes into view. It is wielding a +0 flail.
The orc shouts!
You hear a shout!
A gnoll comes into view. It is wielding a +0 flail.
The gnoll shouts!
You hear a shout!
The orc hits you with a +0 flail!
You hit the orc.
The orc is severely wounded.
The orc hits you with a +0 flail.
You barely miss the orc. You headbutt the orc.
You kill the orc!
A gnoll comes into view. It is wielding a +0 whip.
Things that are here:
a +0 flail; a +0 leather armour; an orc corpse The gnoll hits you with a +0 flail!
You barely miss the gnoll. The gnoll hits you with a +0 flail!
A gnoll comes into view. It is wielding a +0 whip.
You block the gnoll's attack.
The gnoll moves out of view.
You hit the gnoll. You headbutt the gnoll.
The gnoll is heavily wounded.
You closely miss the gnoll. The gnoll hits you with a +0 whip.
The gnoll hits you with a +0 flail.
* * * LOW HITPOINT WARNING * * *
You slash the gnoll!
You kill the gnoll!
You hit the gnoll. The gnoll hits you with a +0 whip.
* * * LOW HITPOINT WARNING * * *
The gnoll hits you with a +0 whip.
* * * LOW HITPOINT WARNING * * *
You see here a +0 flail.
The gnoll hits you but does no damage.
It was a potion of flight.
You feel very buoyant.
You fly up into the air.
The gnoll hits you with a +0 whip.
* * * LOW HITPOINT WARNING * * *
The gnoll attacks as you move away! The gnoll hits you with a +0 whip.
You die...

#.#.###.#
#.......#
#).###..#
#..# #..#
#..###..#
#......)#
##.......####
........)...+
####..@g####
#.#.## #.#.#
.#.#. .#.# #
##.# ##


You could see a gnoll.

Vanquished Creatures
  A gnoll (D:3)
  3 adders (D:2)
  A worm (D:2)
  2 dart slugs (D:1)
  An orc (D:3)
  4 endoplasms
  3 giant cockroaches (D:1)
  2 goblins (D:1)
  4 hobgoblins
  4 jackals (D:1)
  2 ball pythons
  2 bats (D:1)
  3 frilled lizards
  5 kobolds
  4 rats
41 creatures vanquished.

Notes
Turn   | Place    | Note
-------+----------+-------------------------------------------
     0 | D:1      | bmack86 the Minotaur Fighter began the quest for the Orb.
     0 | D:1      | Reached XP level 1. HP: 19/19 MP: 0/0
   132 | D:1      | Reached XP level 2. HP: 27/27 MP: 1/1
   443 | D:1      | Reached XP level 3. HP: 33/33 MP: 2/2
   940 | D:2      | Reached XP level 4. HP: 36/40 MP: 3/3
  1010 | D:2      | You fall into a shaft and drop 1 floor!
  1033 | D:3      | HP: 2/40 [gnoll/+0 whip (3)]
  1035 | D:3      | Slain by a gnoll

Illustrated notes

Levels and vault maps discovered:
D:1:      minmay_arrival_wavy_path, layout_basic
D:2:      layout_basic, hellmonk_ecumenical_altar_prayer_group,
          small_statue_intersection
D:3:      layout_loops_corners

Skill      XL: |  1  2 |
---------------+-------+-----
Axes           | 3 |  3.8
Armour         | 4 |  4.3
Shields        | 4 |  4.2
Fighting       | 4 |  4.3

Action                   |  1- 3 |  4- 6 || total
-------------------------+-------+-------++-------
Melee: War axe           |    72 |     8 ||    80
       Headbutt          |     7 |     3 ||    10
  Use: Scroll            |     3 |       ||     3
       Potion            |       |     1 ||     1
Armor: Scale mail        |    44 |     2 ||    46
Dodge: Dodged            |    43 |     1 ||    44
Block: Buckler           |    30 |     1 ||    31

Table legend: (Time is in decaauts)
 A = Elapsed time spent in this place.
 B = Non-inter-level travel time spent in this place.
 C = Inter-level travel time spent in this place.
 D = Time resting spent in this place.
 E = Time spent auto-exploring this place.
 F = Levels seen in this place.
 G = Mean time per level.
                   A        B        C        D        E       F      G
               +--------+--------+--------+--------+--------+-----+--------+
         Total |   1064 |   1010 |     54 |      0 |    650 |   3 |  354.7 |
       Dungeon |   1064 |   1010 |     54 |      0 |    650 |   3 |  354.7 |
               +--------+--------+--------+--------+--------+-----+--------+

Top non-repeatable levels by time:
     D:1: 740 daAuts
     D:2: 297 daAuts
     D:3: 26 daAuts
